 Dungeon Crawl Stone Soup version 0.28-a0-1395-g4f6bc678fa (webtiles) character file.

Game seed: 1391783872102773496

681 siradein the Skirmisher (level 7, -5/59 HPs)
             Began as a Palentonga Berserker on Jan 4, 2022.
             Was a Believer of Trog.
             Slain by Edmund (11 damage)
             ... on level 4 of the Dungeon.
             The game lasted 00:14:50 (4416 turns).

siradein the Skirmisher (Palentonga Berserker)      Turns: 4416, Time: 00:14:51

Health: -5/59      AC: 15    Str: 23    XL:     7   Next: 34%
Magic:  0/16       EV:  6    Int:  7    God:    Trog [**....]
Gold:   270        SH:  0    Dex:  9    Spells: 6/6 levels left

rFire   . . .      SeeInvis +   v - +0 flail
rCold   . . .      Faith    .   f - orb {light}
rNeg    . . .      Spirit   +   w - +0 chain mail
rPois   .          Reflect  .   (no helmet)
rElec   .          Harm     .   (no cloak)
rCorr   .          Rampage  .   (no gloves)
Will    +....                   (no barding)
Stlth   ..........              k - amulet of guardian spirit
HPRegen 0.19/turn               h - ring of magical power
MPRegen 0.15/turn               n - ring of willpower

@: on berserk cooldown, slowed, glowing, curled up, very slow
A: large, rugged brown scales 3, see invisible, deformed body, roll 1, armoured
tail, reflexive curl
a: Rolling Charge, Renounce Religion, Berserk, Trog's Hand


You were on level 4 of the Dungeon.
You worshipped Trog.
Trog was pleased with you.
You visited 1 branch of the dungeon, and saw 5 of its levels.

You collected 270 gold pieces.

Inventory:

Hand Weapons
 v - a +0 flail (weapon)
Missiles
 a - 5 boomerangs of dispersal
Armour
 f - an orb of light (worn)
 w - a +0 chain mail (worn)
Jewellery
 h - a ring of magical power (left hand)
 k - an amulet of guardian spirit (around neck)
 n - a ring of willpower (right hand)
 q - a +6 ring of intelligence
Wands
 c - a wand of acid (6)
Scrolls
 g - a scroll of fear {unknown}
 i - 4 scrolls of identify {unknown}
 j - a scroll of noise {unknown}
 l - a scroll of amnesia {unknown}
 m - a scroll of enchant weapon {unknown}
 o - a scroll of vulnerability {unknown}
 p - 2 scrolls of teleportation {unknown}
 r - a scroll of blinking {unknown}
 t - 2 scrolls of fog {unknown}
Potions
 b - a potion of ambrosia {unknown}
 d - a potion of magic {unknown}
 e - a potion of curing {unknown}
 s - a potion of haste {unknown}
 u - a potion of flight {unknown}


   Skills:
 + Level 5.0 Fighting
 + Level 5.0 Maces & Flails
 + Level 3.6 Armour
 + Level 3.5 Dodging


You had 6 spell levels left.
You didn't know any spells.
Your spell library was empty.

Dungeon Overview and Level Annotations

Branches:
Dungeon (5/15)
 Temple: D:4-7

Altars:
Cheibriados
Sif Muna

Annotations:
D:4 Edmund
D:5 Prince Ribbit


Innate Abilities, Weirdness & Mutations

You are completely covered in rugged brown scales. (AC +3, +7% HP)
You have supernaturally acute eyesight. (SInv)
Armour fits poorly on your strangely shaped body.
You can roll at nearby foes to attack.
You have a long armoured tail.
You curl defensively after being hit. (AC +7*)


Message History

Edmund hits you with a +5 flail of protection.
Prince Ribbit hits you but does no damage.
You feel a strong urge to attack something.
Prince Ribbit croaks regally.
Prince Ribbit hits you.
You feel your anger nearly subside.
Edmund says, "Everyone always remembers my brother. 'Who's Edmund?' they ask!"
You are no longer berserk.
You are exhausted.
You feel yourself slow down.
Prince Ribbit croaks regally.
Prince Ribbit hits you.
Prince Ribbit blinks!
Edmund says, "People accused me of being a cutpurse!"
There is a stone staircase leading up here.
Edmund closely misses you. Prince Ribbit hits you! Edmund barely misses you.
You climb upwards.
There is a stone staircase leading down here.
Edmund hits you with a +5 flail of protection!
* * * LOW HITPOINT WARNING * * *
Edmund hits you with a +5 flail of protection!
* * * LOW HITPOINT WARNING * * *
Edmund hits you with a +5 flail of protection.
* * * LOW HITPOINT WARNING * * *
Your skin crawls.
You feel strong-willed.
Edmund hits you with a +5 flail of protection!
* * * LOW HITPOINT WARNING * * *
Edmund completely misses you.
You see here a +0 short sword.
Edmund hits you with a +5 flail of protection.
* * * LOW HITPOINT WARNING * * *
You feel the effects of Trog's Hand fading.
Edmund hits you with a +5 flail of protection.
* * * LOW HITPOINT WARNING * * *
Edmund hits you with a +5 flail of protection.
* * * LOW HITPOINT WARNING * * *
Your skin stops crawling.
You feel less strong-willed.
Edmund hits you with a +5 flail of protection!
You die...

##..### #.#.#...## #.....##
##........# ##......# #....##....
###.......###### #..........
###.##........##.# ###..##.###..
........###...##.####.......##)..
........)###..#...##..........##.
.>#.....<).....#..##..........###
.##.....)......@@.............# #
.............................## #
................#........#....###
........####.#####.#......#......
##.....#####.#####.#....##..#..#.
.##...##...###.....##..###..#####
..##'##.....#..........##..### #
......)..8..#...(......##..#.####
..#####.....#........#...........


You could see Edmund.

Vanquished Creatures
  Duvessa (D:4)
  A centaur (D:5)
  2 ogres
  Dowan (D:4)
  A centaur zombie (D:5)
  A jelly (D:3)
  A hound (D:4)
  A hound skeleton (D:4)
  2 gnolls (D:4)
  6 adders
  An ufetubus (D:5)
  2 adder skeletons (D:4)
  2 worms
  2 dart slugs
  4 orcs (D:4)
  9 endoplasms
  2 giant cockroaches
  9 goblins
  6 hobgoblins
  7 quokkas
  7 ball pythons
  6 bats
  A frilled lizard (D:1)
  7 kobolds
  4 rats
86 creatures vanquished.

Notes
Turn   | Place    | Note
-------+----------+-------------------------------------------
     0 | D:1      | siradein the Palentonga Berserker began the quest for the
                  | Orb.
     0 | D:1      | Reached XP level 1. HP: 19/19 MP: 1/1
   150 | D:1      | Reached XP level 2. HP: 22/25 MP: 2/2
   964 | D:2      | Found a faded altar of an unknown god.
  1269 | D:2      | Reached XP level 3. HP: 29/31 MP: 3/3
  1678 | D:2      | Reached ** piety under Trog
  1960 | D:3      | Reached XP level 4. HP: 37/37 MP: 4/4
  1962 | D:3      | Found a snail-covered altar of Cheibriados.
  2570 | D:4      | Noticed Duvessa
  2570 | D:4      | Noticed Dowan
  2570 | D:4      | Noticed an ogre
  3026 | D:4      | Killed an ogre
  3027 | D:4      | Reached XP level 5. HP: 44/44 MP: 5/5
  3190 | D:4      | Killed Duvessa
  3191 | D:4      | Reached XP level 6. HP: 52/52 MP: 6/6
  3197 | D:4      | Killed Dowan
  3400 | D:4      | Found a shimmering blue altar of Sif Muna.
  3878 | D:5      | Entered Level 5 of the Dungeon
  3955 | D:5      | Gained mutation: You curl defensively after being hit. (AC
                  | +7*) [Palentonga growth]
  3955 | D:5      | Reached XP level 7. HP: 44/58 MP: 7/7
  4105 | D:5      | Reached skill level 5 in Fighting
  4105 | D:5      | Reached skill level 5 in Maces & Flails
  4379 | D:5      | Noticed Prince Ribbit
  4379 | D:5      | Noticed Edmund
  4416 | D:4      | Slain by Edmund

Illustrated notes

Levels and vault maps discovered:
D:1:      elethiomel_arrival_infinity_welcomes_careful_drivers,
          layout_loops_cross, chequers_serial_rivers_room_a
D:2:      layout_basic, basic_ecumenical_altar, st_stairs_1, minmay_pentomino_t2
D:3:      layout_loops_ring, mainiacjoe_overflow_catwalk
D:4:      minmay_octagon_keep, layout_cave_pools,
          mainiacjoe_overflow_surrounded_room, uniq_duvessa
D:5:      layout_layer_cave, uniq_prince_ribbit1, uniq_menkaure,
          uniq_blork_the_orc, uniq_edmund

Skill      XL: |  1  2  3  4  5  6  7 |
---------------+----------------------+-----
Armour         | 2 3 |  3.6
Dodging        | 2 3 |  3.5
Fighting       | 4 5 |  5.0
Maces & Flails | 4 5 |  5.0

Action                   |  1- 3 |  4- 6 |  7- 9 || total
-------------------------+-------+-------+-------++-------
Melee: Mace              |    87 |    49 |       ||   136
       Tailslap          |    11 |    17 |     2 ||    30
       Flail             |       |    71 |    15 ||    86
Invok: Berserk           |     1 |     1 |     1 ||     3
       Trog's Hand       |       |       |     1 ||     1
 Abil: Rolling Charge    |       |     3 |       ||     3
Armor: Animal skin       |     3 |       |       ||     3
       Ring mail         |    19 |    58 |     8 ||    85
       Chain mail        |       |       |     4 ||     4
Dodge: Dodged            |    45 |    87 |    11 ||   143

Table legend: (Time is in decaauts)
 A = Elapsed time spent in this place.
 B = Non-inter-level travel time spent in this place.
 C = Inter-level travel time spent in this place.
 D = Time resting spent in this place.
 E = Time spent auto-exploring this place.
 F = Levels seen in this place.
 G = Mean time per level.
                   A        B        C        D        E       F      G
               +--------+--------+--------+--------+--------+-----+--------+
         Total |   4491 |   4394 |     97 |    308 |   3351 |   5 |  898.2 |
       Dungeon |   4491 |   4394 |     97 |    308 |   3351 |   5 |  898.2 |
               +--------+--------+--------+--------+--------+-----+--------+

Top non-repeatable levels by time:
     D:4: 1110 daAuts
     D:3: 1032 daAuts
     D:1: 974 daAuts
     D:2: 849 daAuts
     D:5: 523 daAuts
